 Dungeon Crawl Stone Soup version 0.25-a0-589-g1e14c549ee (webtiles) character file.

Game seed: 16320784430789368781, levelgen mode: deterministic

52 Forecaster the Magician (level 3, -1/28 HPs)
             Began as a Naga Wizard on Mar 9, 2020.
             Slain by an orc priest
             ... wielding a +0 short sword
              (6 damage)
             ... on level 3 of the Dungeon.
             The game lasted 00:09:04 (2400 turns).

Forecaster the Magician (Naga Wizard)               Turns: 2400, Time: 00:09:04

Health: -1/28      AC:  5    Str: 10    XL:     3   Next: 85%
Magic:  2/8        EV: 10    Int: 18    God:
Gold:   106        SH:  0    Dex:  9    Spells: 4/9 levels left

rFire    . . .     SeeInvis +   l - +0 short sword (speed)
rCold    . . .     Gourm    .   (no shield)
rNeg     . . .     Faith    .   k - +0 robe
rPois    +         Spirit   .   b - +0 hat
rElec    .         Reflect  .   r - +2 cloak
rCorr    .         Harm     .   (no gloves)
MR       .....                  (no barding)
Stlth    ++........             (no amulet)
HPRegen  0.09/turn              (no ring)
MPRegen  0.11/turn              (no ring)

@: very slightly contaminated, very slow
A: large, see invisible, deformed body, poison resistance, slowness 2, slow
metabolism 1, spit poison 1, AC +1
a: Spit Poison


You were on level 3 of the Dungeon.
You were hungry.

You visited 1 branch of the dungeon, and saw 3 of its levels.

You collected 106 gold pieces.

Inventory:

Hand Weapons
 c - a +0 club
 i - a +0 dagger
 l - a +0 short sword of speed (weapon)
 p - a +0 whip of venom
 u - a +0 vampiric dagger
Missiles
 f - 214 stones (quivered)
 m - 51 bolts
 o - 37 sling bullets
 w - 2 poisoned darts
Armour
 a - a +0 robe
 b - a +0 hat (worn)
 k - a +0 robe (worn)
 r - a +2 cloak (worn)
Scrolls
 e - a scroll of enchant weapon {unknown}
 q - a scroll of identify {unknown}
 s - a scroll of noise {unknown}
 v - a scroll of remove curse
Potions
 g - a potion of brilliance {unknown}
 h - 2 potions of stabbing {unknown}
 j - a potion of invisibility {unknown}
 n - a potion of degeneration {unknown}
Comestibles
 d - 10 rations
 t - a chunk of flesh


   Skills:
 + Level 0.1 Fighting
 + Level 0.4 Short Blades
 + Level 0.1 Maces & Flails
 + Level 1.9 Dodging
 + Level 3.3 Stealth
 + Level 3.7 Spellcasting
 + Level 1.1 Conjurations
 + Level 1.6 Summonings
 + Level 1.0 Translocations


You had 4 spell levels left.
You knew the following spells:

 Your Spells              Type           Power        Failure   Level  Hunger
a - Magic Dart            Conj           #...         10%         1    None
b - Call Imp              Summ           #.......     12%         2    ##.....
c - Blink                 Tloc           N/A          16%         2    ##.....

Your spell library contained the following spells:

 Spells                   Type           Power        Failure   Level  Hunger
 Slow                     Hex            #.......     22%         2    ##.....
 Conjure Flame            Conj/Fire      #.......     36%         3    ###....
 Mephitic Cloud           Conj/Pois/Air  #.......     36%         3    ###....


Dungeon Overview and Level Annotations

Branches:
Dungeon (3/15)

Altars:
Cheibriados
Makhleb
Nemelex Xobeh
Qazlal
Trog
Xom
Yredelemnul


Innate Abilities, Weirdness & Mutations

You cannot wear boots.
Your serpentine skin is tough. (AC +1)
You have supernaturally acute eyesight. (SInv)
Armour fits poorly on your strangely shaped body.
Your system is resistant to poisons. (rPois)
You cover ground very slowly.
You have a slow metabolism.
You can spit poison.


Message History

The frilled lizard barely misses you. The orc closely misses you.
Your crimson imp blinks!
Casting: Call Imp (safe; 12% risk of failure)
Confirm with . or Enter, or press ? or * to list all spells.
You miscast Call Imp.
You are very lightly contaminated with residual magic.
Nothing appears to happen.
The orc hits you with a +0 flail.
The orc priest hits you with a +0 short sword.
* * * LOW HITPOINT WARNING * * *
The frilled lizard bites you but does no damage.
The orc hits you but does no damage.
Your crimson imp misses the frilled lizard.
The frilled lizard closely misses you.
A goblin comes into view. It is wielding a +0 dagger.
The orc hits you from afar with a +0 trident.
* * * LOW HITPOINT WARNING * * *
Your crimson imp blinks!
You barely miss the frilled lizard.
The orc priest hits you with a +0 short sword.
You die...

#.#....#
#.....##†
#.#.####
#....†'..
...####.#.#
#.....##.
..........#
#.....###
!#####.#####
#.....#
..#...#.....#
#...).#
........###.#
#.....#
...<#.#.#5#
#.....# ..
#§l@..#
#.....#
###o###
#######
#§ooo.5.#
#.#go......
#.#.####... .
#.# .. ## #.#
..g ...


You could see an orc priest, 4 orcs, 2 goblins, a frilled lizard and a friendly
crimson imp.

Vanquished Creatures
  An ooze (D:2)
  A dart slug (D:1)
  2 leopard geckos (D:1)
  3 goblins
  2 hobgoblins (D:1)
  3 kobolds
  3 bats
  A frilled lizard (D:2)
  4 rats
20 creatures vanquished.

Vanquished Creatures (collateral kills)
  An adder (D:2)
  2 worms (D:2)
  A dart slug (D:3)
  An orc (D:3)
  A bat (D:1)
  2 giant cockroaches
  2 goblins
  A hobgoblin (D:1)
  3 kobolds
  2 rats
16 creatures vanquished.

Grand Total: 36 creatures vanquished

Notes
Turn   | Place    | Note
-------+----------+-------------------------------------------
     0 | D:1      | Forecaster the Naga Wizard began the quest for the Orb.
     0 | D:1      | Reached XP level 1. HP: 15/15 MP: 4/4
   356 | D:1      | Reached XP level 2. HP: 10/22 MP: 0/6
   360 | D:1      | Learned a level 2 spell: Call Imp
   363 | D:1      | Learned a level 2 spell: Blink
  1559 | D:2      | Reached XP level 3. HP: 28/28 MP: 2/8
  2157 | D:2      | Found a burning altar of Makhleb.
  2198 | D:2      | Found a basalt altar of Yredelemnul.
  2257 | D:2      | Found a snail-covered altar of Cheibriados.
  2257 | D:2      | Found a shimmering altar of Xom.
  2259 | D:2      | Found a bloodstained altar of Trog.
  2260 | D:2      | Found a stormy altar of Qazlal.
  2263 | D:2      | Found a sparkling altar of Nemelex Xobeh.
  2400 | D:3      | Slain by an orc priest

Levels and vault maps discovered:
D:1:      eino_arrival_water_star, layout_basic
D:2:      layout_basic, minitemple, first_ration
D:3:      layout_basic, gammafunk_temple_overflow_elements, gup_sewer_entry_pipe

Action                   || total
-------------------------++-------
Melee: Club              ||    19
       Unarmed           ||     1
       Dagger            ||     7
       Short sword       ||    16
 Cast: Magic Dart        ||    40
       Call Imp          ||    20
  Use: Scroll            ||     3
 Stab: Sleeping          ||     1
  Eat: Chunk             ||     3
Armor: Robe              ||    11
Dodge: Dodged            ||    44

Table legend:
 A = Non-vault XP
 B = Vault XP
 C = Vault XP percentage of total XP
 D = Non-vault monster count
 E = Vault monster count
 F = Vault count percentage of total count
                 A         B        C        D         E       F
            +---------+---------+-------+---------+---------+-------
      Total |      75 |       0 |   0.0 |      36 |       0 |   0.0
            +---------+---------+-------+---------+---------+-------
        D:1 |      25 |       0 |   0.0 |      14 |       0 |   0.0
        D:2 |      39 |       0 |   0.0 |      16 |       0 |   0.0
        D:3 |      11 |       0 |   0.0 |       6 |       0 |   0.0
            +---------+---------+-------+---------+---------+-------
